 Dungeon Crawl Stone Soup version 0.29.0-4-gdea44cf6ec (webtiles) character file.

Game seed: 8728744254477301922

49 qw the Ruffian (level 3, -6/28 HPs)
             Began as a Ghoul Fire Elementalist on Aug 29, 2022.
             Mangled by Grinder (9 damage)
             ... on level 3 of the Dungeon.
             The game lasted 00:02:05 (2191 turns).

qw the Ruffian (Ghoul Fire Elementalist)            Turns: 2191, Time: 00:02:05

Health: -6/28      AC:  8    Str: 19    XL:     3   Next: 77%
Magic:  4/4        EV: 11    Int: 10    God:
Gold:   59         SH:  0    Dex:  9    Spells: 4/5 levels left

rFire   . . .      SeeInvis .     - Unarmed
rCold   + . .      Faith    .   (no shield)
rNeg    + + +      Spirit   .   e - +0 leather armour
rPois   inf        Reflect  .   (no helmet)
rElec   .          Harm     .   g - +0 cloak
rCorr   .          Rampage  .   (no gloves)
Will    .....                   (no boots)
Stlth   +.........              (no amulet)
HPRegen 0.00/turn               d - +6 ring of strength
MPRegen 0.09/turn               f - +4 ring of protection

@: inhibited regen
A: claws 1, cold resistance 1, negative energy resistance 3, inhibited
regeneration, torment resistance 2, devour on kill
a: no special abilities


You were on level 3 of the Dungeon.
You visited 1 branch of the dungeon, and saw 3 of its levels.

You collected 59 gold pieces.


Innate Abilities, Weirdness & Mutations

You are immune to poison.
You have sharp fingernails.
Your flesh is cold resistant. (rC+)
You are immune to negative energy. (rN+++)
You do not regenerate when monsters are visible.
You are immune to unholy pain and torment.
You thrive by killing the living.


   Skills:
 - Level 1.1 Fighting
 - Level 1.7 Dodging
 - Level 2.1 Stealth
 + Level 3.2 Unarmed Combat
 - Level 1.7 Spellcasting
 - Level 0.7 Conjurations
 - Level 2.4 Fire Magic


You had 4 spell levels left.
You knew the following spells:

 Your Spells              Type           Power      Damage    Failure   Level
a - Foxfire               Conj/Fire      16%        2x1d4     21%         1

Your spell library contained the following spells:

 Spells                   Type           Power      Damage    Failure   Level
 Scorch                   Fire           10%        2d6       22%         2
 Conjure Flame            Conj/Fire      4%         6-21      52%         3
 Inner Flame              Hex/Fire       3%         N/A       56%         3
 Flame Wave               Conj/Fire      4%         2d5       89%         4

Inventory:

Armour
 e - a +0 leather armour (worn)
 g - a +0 cloak (worn)
Jewellery
 d - a +6 ring of strength (left claw)
 f - a +4 ring of protection (right claw)
Scrolls
 a - 2 scrolls of enchant weapon
Potions
 c - a potion of cancellation {unknown}
 i - a potion of curing {unknown}

Dungeon Overview and Level Annotations

Branches:
Dungeon (3/15)

Altars:

Annotations:
D:3 Grinder


Message History

You assume a fearsome visage.
Nothing appears to happen.
It was a scroll of fear.
Done exploring.
(D) Dungeon
Where to? (* - list waypoints, Enter - D:2, ? - help)
What level of the Dungeon? (default 1, ? - help)
Things that are here:
5 stones; a +0 short sword; a +0 club
There is a stone staircase leading down here.
You climb downwards.
Grinder shouts!
Found 8 gold pieces.
There is a stone staircase leading up here.
There are monsters nearby!
Existing waypoints: (1) D:2 (2) D:1 Assign waypoint to what number? (0-9, D - delete waypoint) Waypoint 2 re-assigned from D:1 to D:3.
Found two stone staircases leading up.
Grinder gestures at you.
You suddenly lose the ability to move!
A rat comes into view.
Grinder hits you! Grinder hits you but does no damage.
The ball python bites you but does no damage.
The ball python grabs you. The ball python constricts you. Grinder hits you!
The ball python bites you. The ball python constricts you. Grinder hits you.
The ball python bites you but does no damage.
The ball python constricts you.
You can move again.
You claw the ball python!
You kill the ball python!
You scratch Grinder.
Grinder is lightly wounded.
Grinder gestures at you. You resist with significant effort.
You closely miss Grinder.
Grinder is lightly wounded.
Grinder hits you!
You die...

..8.. .....
#####...#####
#...........#
.<...}...<.
....... #.r5#
#.@$# #.<.#
#...# #####


You could see Grinder and a rat.

Vanquished Creatures
  A worm (D:2)
  A dart slug (D:2)
  8 bats
  An endoplasm (D:2)
  3 giant cockroaches
  7 goblins
  3 hobgoblins
  5 ball pythons
  2 frilled lizards
  7 kobolds
  3 rats
41 creatures vanquished.

Notes
Turn   | Place    | Note
-------+----------+-------------------------------------------
     0 | D:1      | qw the Ghoul Fire Elementalist began the quest for the Orb.
     0 | D:1      | Reached XP level 1. HP: 14/14 MP: 2/2
     0 | D:1      | 0 ||| qw: Version: 0.1-a-90-g952f4b7
     0 | D:1      | 0 ||| qw: Game counter: 4114
     0 | D:1      | 0 ||| qw: Always use a shield: true
     0 | D:1      | 0 ||| qw: God list: Okawaru
     0 | D:1      | 0 ||| qw: Allow faded altars: false
     0 | D:1      | 0 ||| qw: Do Orc after D:15 true
     0 | D:1      | 0 ||| qw: Do second Lair branch before Depths: true
     0 | D:1      | 0 ||| qw: Lair rune preference: random
     0 | D:1      | 0 ||| qw: Plans: Normal
     0 | D:1      | 0 ||| PLANNING D:1-11
   111 | D:1      | Reached skill level 1 in Unarmed Combat
   243 | D:1      | Reached XP level 2. HP: 17/22 MP: 3/3
   446 | D:1      | Reached skill level 1 in Fighting
   558 | D:1      | 558 ||| Stepping ~*~*~tactically~*~*~ (stealth).
   602 | D:1      | 602 ||| Stepping ~*~*~tactically~*~*~ (stealth).
   943 | D:1      | 943 ||| UPGRADING to +0 leather armour.
   953 | D:1      | 953 ||| DROPPING +0 robe.
   954 | D:1      | 954 ||| UPGRADING to +6 ring of strength.
   955 | D:1      | 955 ||| DROPPING ring of flight.
   956 | D:1      | 956 ||| READING scroll labelled VILEDI CEA.
   957 | D:1      | 957 ||| READING 2 scrolls labelled NURIOL MIJOWU.
   958 | D:1      | 958 ||| READING 3 scrolls labelled QUOCUI QUKIBBU.
   959 | D:1      | 959 ||| DROPPING potion of magic.
   960 | D:1      | 960 ||| DROPPING scroll of immolation.
   972 | D:2      | 972 ||| STAIRDANCE
   980 | D:1      | Reached skill level 2 in Unarmed Combat
  1187 | D:2      | Reached XP level 3. HP: 26/28 MP: 4/4
  1326 | D:2      | 1326 ||| Stepping ~*~*~tactically~*~*~ (stealth).
  1337 | D:2      | 1337 ||| Stepping ~*~*~tactically~*~*~ (stealth).
  1338 | D:2      | 1338 ||| Stepping ~*~*~tactically~*~*~ (stealth).
  1414 | D:2      | 1414 ||| FLEEEEING.
  1415 | D:2      | 1415 ||| FLEEEEING.
  1416 | D:2      | 1416 ||| FLEEEEING.
  1417 | D:2      | 1417 ||| FLEEEEING.
  1418 | D:2      | 1418 ||| FLEEEEING.
  1419 | D:2      | 1419 ||| FLEEEEING.
  1420 | D:2      | 1420 ||| FLEEEEING.
  1421 | D:2      | 1421 ||| FLEEEEING.
  1422 | D:2      | 1422 ||| FLEEEEING.
  1423 | D:2      | 1423 ||| FLEEEEING.
  1424 | D:2      | 1424 ||| FLEEEEING.
  1425 | D:2      | 1425 ||| FLEEEEING.
  1426 | D:2      | 1426 ||| FLEEEEING.
  1430 | D:2      | 1430 ||| FLEEEEING.
  1431 | D:2      | 1431 ||| FLEEEEING.
  1432 | D:2      | 1432 ||| FLEEEEING.
  1433 | D:2      | 1433 ||| FLEEEEING.
  1434 | D:2      | 1434 ||| FLEEEEING.
  1435 | D:2      | 1435 ||| FLEEEEING.
  1436 | D:2      | 1436 ||| FLEEEEING.
  1437 | D:2      | 1437 ||| FLEEEEING.
  1438 | D:2      | 1438 ||| FLEEEEING.
  1439 | D:2      | 1439 ||| FLEEEEING.
  1440 | D:2      | 1440 ||| FLEEEEING.
  1441 | D:2      | 1441 ||| FLEEEEING.
  1442 | D:2      | 1442 ||| FLEEEEING.
  1443 | D:2      | 1443 ||| FLEEEEING.
  1444 | D:2      | 1444 ||| FLEEEEING.
  1445 | D:2      | 1445 ||| FLEEEEING.
  1446 | D:2      | 1446 ||| FLEEEEING.
  1447 | D:2      | 1447 ||| FLEEEEING.
  1449 | D:2      | 1449 ||| FLEEEEING.
  1450 | D:2      | 1450 ||| FLEEEEING.
  1451 | D:2      | 1451 ||| FLEEEEING.
  1452 | D:2      | 1452 ||| FLEEEEING.
  1453 | D:2      | 1453 ||| FLEEEEING.
  1454 | D:2      | 1454 ||| FLEEEEING.
  1459 | D:2      | 1459 ||| STAIRDANCE
  1505 | D:1      | 1505 ||| READING scroll labelled DEAPUE TU COTI.
  1564 | D:2      | Reached skill level 3 in Unarmed Combat
  2150 | D:2      | 2150 ||| UPGRADING to +0 cloak.
  2155 | D:2      | 2155 ||| UPGRADING to +4 ring of protection.
  2156 | D:2      | 2156 ||| READING scroll labelled MOEFFE LAWK.
  2183 | D:3      | Noticed Grinder
  2184 | D:3      | Paralysed by Grinder for 5 turns
  2188 | D:3      | HP: 3/28 [Grinder (6)]
  2191 | D:3      | Mangled by Grinder

Levels and vault maps discovered:
D:1:      lightli_arrival_flooded_house, layout_loops_ring
D:2:      layout_rooms
D:3:      kennysheep_six_static_rooms, layout_basic, st_stairs_2,
          nicolae_elevator_lobby_plus, uniq_grinder, uniq_sigmund

Skill      XL: |  1  2  3 |
---------------+----------+-----
Unarmed Combat | 1 2 3 |  3.2
Fighting       | 1 |  1.1
Dodging        | |  1.7
Stealth        | |  2.1
Spellcasting   | |  1.7
Conjurations   | |  0.7
Fire Magic     | |  2.4

Action                   || total
-------------------------++-------
Melee: Unarmed           ||   164
  Use: Scroll            ||     5
 Stab: Sleeping          ||     1
Armor: Robe              ||    14
       Leather armour    ||    33
Dodge: Dodged            ||    87

Table legend:
 A = Non-vault XP
 B = Vault XP
 C = Vault XP percentage of total XP
 D = Non-vault monster count
 E = Vault monster count
 F = Vault count percentage of total count
                 A         B        C        D         E       F
            +---------+---------+-------+---------+---------+-------
      Total |      71 |       0 |   0.0 |      41 |       0 |   0.0
            +---------+---------+-------+---------+---------+-------
        D:1 |      28 |       0 |   0.0 |      18 |       0 |   0.0
        D:2 |      42 |       0 |   0.0 |      22 |       0 |   0.0
        D:3 |       1 |       0 |   0.0 |       1 |       0 |   0.0
            +---------+---------+-------+---------+---------+-------
